 Dungeon Crawl Stone Soup version 0.17.0-28-g6e173f8 (webtiles) character file.

35331 Ivanskos the Fighter (level 13, -5/130 HPs)
             Began as a Deep Dwarf Fighter on Nov 30, 2015.
             Was the Champion of Makhleb.
             Killed by divine providence
             ... invoked by an orc priest
              (11 damage)
             ... on level 4 of the Orcish Mines.
             The game lasted 01:19:47 (11593 turns).

Ivanskos the Fighter (Deep Dwarf Fighter)          Turns: 11593, Time: 01:19:48

Health: -5/130     AC: 22    Str: 23    XL:     13   Next: 47%
Magic:  19/19      EV: 21    Int: 13    God:    Makhleb [******]
Gold:   1636       SH: 14    Dex: 15    Spells: 0 memorised, 12 levels left

rFire  . . .     SeeInvis .     C - +10 flail of the Gloaming {drain, MP+9}
rCold  + + +     Clarity  .     S - +6 leather armour of Deots {+Blink Dex+3}
rNeg   + . .     SustAt   .     b - +1 shield {rC+}
rPois  .         Gourm    .     d - +0 helmet
rElec  .         Spirit   .     u - +2 cloak {MR+}
rCorr  .         Warding  .     N - +2 pair of gloves of Claustrophobia {rC++}
rMut   .         Stasis   .     o - +2 pair of boots
MR     +++..                    f - amulet of rage
Stlth  +.........               w - +3 ring of evasion
                                O - ring of positive energy

@: very slightly contaminated, non-regenerating, extremely resistant to hostile
enchantments, very unstealthy
A: damage resistance, recharge devices, clever 1, high mp 1, magic resistance 1,
sense surroundings 2, slow regeneration 3, evolution 1
a: Device Recharging, Minor Destruction, Lesser Servant of Makhleb, Major
Destruction, Greater Servant of Makhleb, Renounce Religion, Evoke Blink, Evoke
Berserk Rage


You were on level 4 of the Orcish Mines.
You worshipped Makhleb.
Makhleb was exalted by your worship.
You were not hungry.

You visited 3 branches of the dungeon, and saw 15 of its levels.
You also visited: Bailey and Ice Cave.

You collected 2229 gold pieces.
You spent 593 gold pieces at shops.

Inventory:

Hand Weapons
 C - the +10 flail of the Gloaming (weapon) {drain, MP+9}
   (You found it on level 8 of the Dungeon)

   A truly terrible weapon, it drains the life of those it strikes.
   It affects your magic capacity (+9).
 R - the +10 hand axe of Sunlight {freeze, *Corrode +Rage +Fly Dex+3}
   (You found it on level 3 of the Orcish Mines)

   It has been specially enchanted to freeze those struck by it, causing extra
   injury to most foes and up to half again as much damage against particularly
   susceptible opponents.
   It can also slow down cold-blooded creatures.
   It affects your dexterity (+3).
   It lets you fly.
   It lets you go berserk.
   It may corrode your equipment when you take damage.
Armour
 b - a +1 shield of cold resistance (worn)
 d - a +0 helmet (worn)
 o - a +2 pair of boots (worn)
 u - a +2 cloak of magic resistance (worn)
 A - a +2 plate armour
 N - the +2 pair of gloves of Claustrophobia (worn) {rC++}
   (You bought it in a shop on level 2 of the Orcish Mines)

   It greatly protects you from cold.
 S - the +6 leather armour of Deots (worn) {+Blink Dex+3}
   (You found it on level 3 of the Orcish Mines)

   It affects your dexterity (+3).
   It lets you blink.
Jewellery
 f - an amulet of rage (around neck)
 h - an uncursed ring of fire
 s - an uncursed amulet of faith
 w - a +3 ring of evasion (right hand)
 O - a ring of positive energy (left hand)
Wands
 e - a wand of heal wounds (0)
 p - a wand of frost (3)
 v - a wand of paralysis (11)
 G - a wand of draining (9)
 H - a wand of draining (9)
Scrolls
 g - 9 scrolls of remove curse
 j - 2 scrolls of teleportation
 l - a scroll of fog
 x - a scroll of amnesia
 y - a scroll of magic mapping
 z - a scroll of noise
 B - a scroll of acquirement {unknown}
 K - a scroll of blinking
 L - 2 scrolls of enchant weapon {unknown}
 P - a scroll of brand weapon {unknown}
Potions
 c - a potion of flight
 i - 3 potions of heal wounds
 k - 8 potions of curing
 n - a potion of resistance
 r - 3 potions of brilliance
 t - 5 potions of magic
 D - 2 potions of beneficial mutation {unknown}
 E - 2 potions of invisibility {unknown}
 F - 4 potions of might
 M - a potion of agility
Books
 a - a book of the Tempests

   Spells                             Type                      Level
   a - Static Discharge               Conjuration/Air              3
   b - Lightning Bolt                 Conjuration/Air              5
   c - Fireball                       Conjuration/Fire             5
   d - Tornado                        Air                          9
   e - Shatter                        Earth                        9
 J - a book of Cantrips

   Spells                             Type                      Level
   a - Corona                         Hexes                        1
   b - Animate Skeleton               Necromancy                   1
   c - Summon Small Mammal            Summoning                    1
   d - Apportation                    Translocation                1
Comestibles
 m - 3 meat rations
 q - 25 fruits
 I - a bread ration


   Skills:
 * Level 12.4 Fighting
 - Level 1.2(6.6) Axes
 + Level 9.5(9.6) Maces & Flails
 + Level 11.0 Armour
 + Level 10.9 Dodging
 + Level 11.0 Shields


You had 12 spell levels left.
You didn't know any spells.

Dungeon Overview and Level Annotations

Branches:
Dungeon (10/15)            Temple (1/1) D:5            Lair (0/8) D:8
    Orc (4/4) D:10            Elf (0/3) Orc:3

Altars:
Ashenzari
Cheibriados
Dithmenos
Elyvilon
Fedhas
Gozag
Kikubaaqudgha
Makhleb
Nemelex Xobeh
Okawaru
Qazlal
Ru
Sif Muna
Trog
Vehumet
Xom
Yredelemnul
Zin
The Shining One
Beogh

Shops:
D:6 }   Orc:1 !   Orc:2 [   Orc:3 *   Orc:4 *=:(


Innate Abilities, Weirdness & Mutations

You are resistant to damage.
You can recharge devices by infusing magical energy.
You passively map the area around you.
You do not regenerate naturally.
Your mind is acute. (Int +2)
You have an increased reservoir of magic (+10% MP).
You are resistant to hostile enchantments.
You evolve.


Message History

The sixfirhy hits you but does no damage.
The orc knight roars a battlecry!
The orcs go into a battle-frenzy!
The orc high priest hits you but does no damage.
The sixfirhy misses you.
Items here: ))) [[ †† The orc priest mumbles some strange prayers to Beogh against you.
Something smites you!
* * * LOW HITPOINT WARNING * * *
The orange demon misses you. The orc warrior barely misses you.
The orange demon closely misses you. The orc warrior completely misses you.
Unknown command.
Read which item? (? for menu, Esc to quit)
Blink to where?
Press: ? - help, Dir - move target cursor You are very lightly contaminated with residual magic.
As you read the scroll of blinking, it crumbles to dust.
The orc priest invokes the aid of Beogh against you.
Something smites you!
You die...

#........#.....................##
....<.....<.....................#
...............................##
#.....##..#.....#..#........#.##
....#######################....##
#.#.# * ####* # #.....# #.#.# #
∩.... .∩### #....## ....#
∩...##.##...∩## #.#.## #,#.
..##...@.##...## #.#.## ##
.##.........##..# #....# * *
.............4.4# #...## , *
,,#...........#oo# #....## *
##.........##o§###.....# , *
##.....o.##ooo4##...... , ,
.....#.#..o...#)##...... *
o....#.#.....##.##...... # ,
#o#...###..##......


You could see an orc high priest, 2 orange demons, 2 orc warriors and an orc
priest (frenzied).

Vanquished Creatures
  A frost giant (IceCv)
  A stone giant (Orc:3)
  Snorg (Orc:1)
  Erica (D:10)
  2 orc high priests (Orc:4)
  Sonja (Orc:3)
  14 hill giants (Orc:3)
  Pikel (D:9)
  An unseen horror (D:10)
  5 orc sorcerers (Orc:4)
  4 orc knights
  2 cyclopes (Orc:3)
  An ice statue (IceCv)
  12 polar bears (IceCv)
  2 two-headed ogres (Orc:3)
  3 trolls
  Prince Ribbit (D:5)
  A blink frog (D:8)
  Sigmund (D:5)
  13 yaks (IceCv)
  A hippogriff (D:8)
  A hungry ghost (D:10)
  6 wargs
  A porcupine (D:8)
  12 ice beasts
  Duvessa (D:4)
  13 wolves
  A wasp (D:8)
  2 phantoms
  14 ogres
  2 sky beasts
  A centaur (D:6)
  17 orc warriors
  Blork the orc (D:6)
  3 big kobolds
  A gnoll sergeant (D:7)
  3 scorpions
  Dowan (D:4)
  9 giant frogs
  A centaur zombie (D:8)
  3 giant frog zombies
  4 jellies
  4 hounds
  4 crimson imps
  15 orc priests
  Crazy Yiuf (D:2)
  39 orc wizards
  2 centaur skeletons
  Natasha (twice) (D:3)
  4 worker ants
  A hound zombie (D:8)
  A worker ant zombie (D:7)
  11 adders
  19 gnolls
  A shadow imp (D:5)
  An ooze (D:3)
  An adder skeleton (D:4)
  7 worms
  4 giant geckos
  171 orcs
  9 bats
  6 giant cockroaches
  10 goblins
  16 hobgoblins
  9 jackals
  A ball python (D:6)
  6 giant newts
  A jackal skeleton (D:5)
  A jackal zombie (D:5)
  27 kobolds
  3 quokkas
  4 rats
547 creatures vanquished.

Vanquished Creatures (others)
  An ogre (D:9)
  A jelly (D:9)
  A giant newt (D:5)
3 creatures vanquished.

Grand Total: 550 creatures vanquished

Notes
Turn   | Place    | Note
--------------------------------------------------------------
     0 | D:1      | Ivanskos the Deep Dwarf Fighter began the quest for the Orb.
     0 | D:1      | Reached XP level 1. HP: 20/20 MP: 1/1
   161 | D:1      | Reached XP level 2. HP: 27/27 MP: 2/2
   690 | D:2      | Reached skill level 1 in Dodging
   785 | D:2      | Reached XP level 3. HP: 23/33 MP: 3/3
   848 | D:2      | Found a deep blue altar of Sif Muna.
  1031 | D:2      | Noticed Crazy Yiuf
  1043 | D:2      | Killed Crazy Yiuf
  1043 | D:2      | Reached XP level 4. HP: 37/42 MP: 4/4
  1179 | D:3      | Reached skill level 4 in Shields
  1220 | D:3      | Noticed Natasha
  1227 | D:3      | Killed Natasha
  1435 | D:3      | Reached XP level 5. HP: 47/49 MP: 5/5
  1662 | D:3      | Noticed Natasha
  1669 | D:3      | Killed Natasha
  1989 | D:3      | Found a glowing silver altar of Zin.
  2028 | D:3      | Gained mutation: You evolve. [potion of mutation]
  2028 | D:3      | Gained mutation: You have an increased reservoir of magic (+10% MP). [potion of mutation]
  2101 | D:4      | Found an iron altar of Okawaru.
  2140 | D:4      | Noticed a phantom
  2161 | D:4      | Killed a phantom
  2161 | D:4      | Reached XP level 6. HP: 47/57 MP: 6/6
  2432 | D:4      | Found an iron altar of Okawaru.
  2465 | D:4      | Noticed Dowan
  2466 | D:4      | Noticed Duvessa
  2477 | D:4      | Killed Duvessa
  2477 | D:4      | Reached XP level 7. HP: 33/66 MP: 7/7
  2484 | D:4      | Killed Dowan
  2739 | D:5      | Entered Level 5 of the Dungeon
  2796 | D:5      | Reached skill level 5 in Armour
  2826 | D:5      | Reached skill level 5 in Shields
  2847 | D:5      | Found a blossoming altar of Fedhas.
  2853 | D:5      | Noticed Prince Ribbit
  2893 | D:5      | Reached skill level 5 in Fighting
  3032 | D:5      | Found a sacrificial altar of Ru.
  3040 | D:5      | Noticed Sigmund
  3058 | D:5      | Killed Sigmund
  3077 | D:5      | Reached XP level 8. HP: 33/74 MP: 8/8
  3245 | D:5      | Found a radiant altar of Vehumet.
  3505 | D:5      | Found a staircase to the Ecumenical Temple.
  3514 | Temple   | Entered the Ecumenical Temple
  3731 | D:5      | Gained mutation: Your mind is acute. (Int +2) [evolution]
  4078 | D:5      | Killed Prince Ribbit
  4134 | D:6      | Reached skill level 5 in Dodging
  4150 | D:6      | Reached skill level 6 in Fighting
  4353 | D:6      | Found a bloodstained altar of Trog.
  4353 | D:6      | Noticed Blork the orc
  4369 | D:6      | Killed Blork the orc
  4530 | D:6      | Found Baomauna's Gadget Emporium.
  4636 | D:6      | Got a pair of heavily runed boots
  4647 | D:6      | Identified the cursed -7 pair of boots of the Old World {rPois Int+10 SInv Stlth-} (You found it on level 6 of the Dungeon)
  4746 | D:7      | Reached skill level 5 in Maces & Flails
  4746 | D:7      | Gained mutation: You passively map the area around you. [Deep Dwarf growth]
  4746 | D:7      | Reached XP level 9. HP: 59/85 MP: 7/7
  4779 | D:7      | Found a flagged portal.
  4803 | Bailey   | Entered a bailey
  5003 | Bailey   | Noticed an orc knight
  5029 | Bailey   | Killed an orc knight
  5029 | Bailey   | Reached skill level 7 in Fighting
  5399 | D:7      | Gained mutation: You are resistant to hostile enchantments. [evolution]
  5897 | D:8      | Reached skill level 8 in Fighting
  5898 | D:8      | Found a staircase to the Lair.
  5989 | D:8      | Reached XP level 10. HP: 44/96 MP: 8/8
  6273 | D:8      | Got a translucent flail
  6274 | D:8      | Identified the +10 flail of the Gloaming {drain, MP+9} (You found it on level 8 of the Dungeon)
  6481 | D:9      | Found a burning altar of Makhleb.
  6482 | D:9      | Found an ancient bone altar of Kikubaaqudgha.
  6483 | D:9      | Found a stormy altar of Qazlal.
  6484 | D:9      | Found a sparkling altar of Nemelex Xobeh.
  6484 | D:9      | Found a basalt altar of Yredelemnul.
  6488 | D:9      | Became a worshipper of Makhleb the Destroyer
  6509 | D:9      | Found a shattered altar of Ashenzari.
  6605 | D:9      | Noticed Pikel
  6619 | D:9      | Killed Pikel
  6903 | D:10     | Entered Level 10 of the Dungeon
  6936 | D:10     | Noticed Erica
  6948 | D:10     | Killed Erica
  6955 | D:10     | Reached * piety under Makhleb
  6984 | D:10     | Found a staircase to the Orcish Mines.
  6997 | D:10     | Reached skill level 9 in Fighting
  7009 | D:10     | Reached ** piety under Makhleb
  7105 | D:10     | Found a white marble altar of Elyvilon.
  7255 | D:10     | Killed an unseen horror
  7366 | D:10     | Found a blossoming altar of Fedhas.
  7593 | D:10     | Reached XP level 11. HP: 97/106 MP: 8/8
  7668 | Orc:1    | Entered Level 1 of the Orcish Mines
  7676 | Orc:1    | Found Weduru Wacu's Distillery.
  7712 | Orc:1    | Reached *** piety under Makhleb
  7770 | Orc:1    | Noticed Snorg
  7774 | Orc:1    | Found a frozen archway.
  7782 | Orc:1    | Killed Snorg
  7892 | IceCv    | Entered an ice cave
  7926 | IceCv    | Reached **** piety under Makhleb
  7943 | IceCv    | Reached skill level 10 in Fighting
  8113 | IceCv    | Noticed a frost giant
  8140 | IceCv    | Killed a frost giant
  8144 | IceCv    | Reached XP level 12. HP: 64/118 MP: 9/9
  8146 | IceCv    | Reached ***** piety under Makhleb
  9078 | Orc:2    | Found Vesosh's Armour Shop.
  9086 | Orc:2    | Bought the +2 pair of gloves of Claustrophobia {rC++} for 390 gold pieces
  9140 | Orc:2    | Reached skill level 11 in Fighting
  9162 | Orc:2    | Reached ****** piety under Makhleb
  9545 | Orc:3    | Reached skill level 10 in Armour
  9584 | Orc:3    | Found a roughly hewn altar of Beogh.
  9617 | Orc:3    | Found Sizive Qeva's Assorted Antiques.
  9625 | Orc:3    | Bought a scroll labeled ZILAOST APNISH for 29 gold pieces
  9625 | Orc:3    | Bought a scratched moonstone ring for 145 gold pieces
  9625 | Orc:3    | Bought a scroll labeled HAPIKU FOOLE for 29 gold pieces
  9691 | Orc:3    | Reached skill level 10 in Dodging
  9876 | Orc:3    | Found a staircase to the Elven Halls.
  9886 | Orc:3    | Noticed Sonja
  9987 | Orc:3    | Killed Sonja
  9987 | Orc:3    | Reached skill level 10 in Shields
 10011 | Orc:3    | Found a roughly hewn altar of Beogh.
 10357 | Orc:3    | Reached XP level 13. HP: 128/128 MP: 10/10
 10365 | Orc:3    | Noticed a stone giant
 10386 | Orc:3    | Killed a stone giant
 10390 | Orc:3    | Reached skill level 12 in Fighting
 10421 | Orc:3    | Got a brightly glowing leather armour
 10446 | Orc:3    | Identified the +6 leather armour of Deots {+Blink Dex+3} (You found it on level 3 of the Orcish Mines)
 10491 | Orc:3    | Got a scorched morningstar
 10495 | Orc:3    | Got a jewelled hand axe
 10496 | Orc:3    | Identified the +0 morningstar of Munwunel {drain, Str+4} (You found it on level 3 of the Orcish Mines)
 10497 | Orc:3    | Identified the +10 hand axe of Sunlight {freeze, *Corrode +Rage +Fly Dex+3} (You found it on level 3 of the Orcish Mines)
 10990 | Orc:4    | Entered Level 4 of the Orcish Mines
 10998 | Orc:4    | Reached skill level 1 in Axes
 11464 | Orc:4    | Found Zedan's Weapon Boutique.
 11577 | Orc:4    | Found Zief's Assorted Antiques.
 11578 | Orc:4    | Found Roem's Jewellery Emporium.
 11592 | Orc:4    | HP: 6/130 [orc priest/divine providence (13)]
 11593 | Orc:4    | Found Nihegaze's Book Emporium.
 11593 | Orc:4    | Killed from afar by an orc priest

Action                   |  1- 3 |  4- 6 |  7- 9 | 10-12 | 13-15 || total
-------------------------+-------+-------+-------+-------+-------++-------
Melee: Flail             |   125 |   180 |   368 |   852 |   172 ||  1697
       Morningstar       |       |       |   318 |    39 |       ||   357
       Hand axe          |       |       |       |       |    32 ||    32
 Abil: Device Recharging |       |       |     3 |     1 |       ||     4
Evoke: Wand              |     2 |       |    24 |     4 |       ||    30
  Use: Potion            |     1 |     6 |     6 |     3 |     1 ||    17
       Scroll            |       |    10 |     8 |     3 |     2 ||    23
  Eat: Meat ration       |       |     1 |       |     3 |       ||     4
       Bread ration      |       |       |     2 |       |     1 ||     3
       Fruit             |       |       |     3 |     4 |       ||     7
       Beef jerky        |       |       |     2 |       |       ||     2
